 Dungeon Crawl Stone Soup version 0.28.0-47-ge53b351184 (webtiles) character file.

Game seed: 9253796431016742439

3 NinjaNoafa the Thrower (level 1, 0/17 HPs)
             Began as a Gnoll Wanderer on Apr 25, 2022.
             Constricted to death by a ball python (1 damage)
             ... on level 1 of the Dungeon.
             The game lasted 00:01:02 (180 turns).

NinjaNoafa the Thrower (Gnoll Wanderer)              Turns: 180, Time: 00:01:03

Health: 0/17       AC:  2    Str: 10    XL:     1   Next: 50%
Magic:  4/4        EV:  8    Int: 11    God:
Gold:   0          SH:  0    Dex: 12    Spells: 4/5 levels left

rFire   . . .      SeeInvis .   a - +2 dagger
rCold   . . .      Faith    .   (no shield)
rNeg    . . .      Spirit   .   f - +0 robe
rPois   .          Reflect  .   (no helmet)
rElec   .          Harm     .   (no cloak)
rCorr   .          Rampage  .   (no gloves)
Will    .....                   (no boots)
Stlth   +.........              (no amulet)
HPRegen 0.05/turn               (no ring)
MPRegen 0.09/turn               (no ring)

@: constricted
A: fangs 1, strong nose, distributed training
a: no special abilities


You were on level 1 of the Dungeon.
You visited 1 branch of the dungeon, and saw 1 of its levels.

Inventory:

Hand Weapons
 a - a +2 dagger (weapon)
Missiles
 b - 4 curare-tipped darts (quivered)
Armour
 f - a +0 robe (worn)
Magical Staves
 d - a staff of death
Scrolls
 e - a scroll of teleportation {unknown}


   Skills:
 + Level 2.3 Fighting
 + Level 0.0 Short Blades
 + Level 0.0 Long Blades
 + Level 0.0 Axes
 + Level 0.0 Maces & Flails
 + Level 0.0 Polearms
 + Level 0.0 Staves
 + Level 0.0 Slings
 + Level 0.0 Bows
 + Level 0.0 Crossbows
 + Level 8.4 Throwing
 + Level 6.4 Armour
 + Level 0.0 Dodging
 + Level 0.0 Stealth
 + Level 0.0 Shields
 + Level 0.0 Unarmed Combat
 + Level 2.6 Spellcasting
 + Level 1.9 Conjurations
 + Level 0.0 Hexes
 + Level 0.0 Summonings
 + Level 0.0 Necromancy
 + Level 0.0 Translocations
 + Level 0.0 Transmutations
 + Level 0.0 Fire Magic
 + Level 0.0 Ice Magic
 + Level 0.0 Air Magic
 + Level 0.0 Earth Magic
 + Level 0.0 Poison Magic
 + Level 0.1 Invocations
 + Level 0.0 Evocations


You had 4 spell levels left.
You knew the following spells:

 Your Spells              Type           Power      Damage    Failure   Level
a - Shock                 Conj/Air       12%        1d3       19%         1

Your spell library contained the following spells:

 Spells                   Type           Power      Damage    Failure   Level
 Animate Skeleton         Necr           2%         N/A       26%         1
 Apportation              Tloc           2%         N/A       26%         1
 Summon Small Mammal      Summ           4%         N/A       26%         1
 Conjure Flame            Conj/Fire      3%         6-21      50%         3


Dungeon Overview and Level Annotations

Branches:
Dungeon (1/15)

Altars:


Innate Abilities, Weirdness & Mutations

You have very sharp teeth.
Your uncanny sense of smell can sniff out nearby items.
Your experience applies equally to all skills.


Message History

No target in view!
No target in view!
Your magical contamination has completely faded away.
Magic restored.
A ball python comes into view.
You see here a curare-tipped dart.
b - 4 curare-tipped darts (gained 1)
The ball python barely misses you. The ball python grabs you.
The ball python constricts you.
The ball python's grasp on you weakens, but your attempt to escape fails.
The ball python bites you. The ball python constricts you.
You barely miss the ball python.
The ball python bites you but does no damage.
The ball python constricts you. The ball python bites you.
The ball python constricts you.
You closely miss the ball python. The ball python bites you.
The ball python constricts you.
You closely miss the ball python. The ball python bites you.
The ball python constricts you. The ball python bites you.
* * * LOW HITPOINT WARNING * * *
The ball python constricts you.
* * * LOW HITPOINT WARNING * * *
You hit the ball python but do no damage.
The ball python closely misses you. The ball python constricts you.
* * * LOW HITPOINT WARNING * * *
You closely miss the ball python. The ball python bites you.
* * * LOW HITPOINT WARNING * * *
The ball python constricts you.
The ball python bites you but does no damage.
The ball python constricts you.
You aren't carrying any potions.
You escape the ball python's grasp.
a - a +2 dagger (weapon)
You hit the ball python but do no damage.
You bite the ball python.
The ball python is severely wounded.
The ball python bites you.
* * * LOW HITPOINT WARNING * * *
The ball python grabs you. The ball python constricts you.
You die...

# ## ### .. ..# .#
#.# .# #.# ##+## .#
#.### ##...## .#
#...# ##.....##
.#####)#.###.......##
......[#.##....S@...#
..........'.........+
###....#.##.........#
#......###.......##
#.###### ##.>...##
#.# ##...## #.# ##+##
#.# #.#


You could see a ball python.

Vanquished Creatures
  A giant cockroach (D:1)
  A goblin (D:1)
  A rat (D:1)
3 creatures vanquished.

Notes
Turn   | Place    | Note
-------+----------+-------------------------------------------
     0 | D:1      | NinjaNoafa the Gnoll Wanderer began the quest for the Orb.
     0 | D:1      | NinjaNoafa set off with the following items: a +2 dagger, 4
                  | curare-tipped darts, a +0 scale mail; and the following
                  | spell memorised: Shock; and the following spells available
                  | to memorise: Conjure Flame
     0 | D:1      | Reached XP level 1. HP: 17/17 MP: 4/4
   180 | D:1      | Constricted to death by a ball python

Illustrated notes

Levels and vault maps discovered:
D:1:      dpeg_arrival_water_temple_mockup, layout_loops_corners,
          ebering_ecumenical_altar_mist

Action                   || total
-------------------------++-------
Melee: Staff             ||    15
       Bite              ||     2
       Dagger            ||     1
Throw: Dart              ||     1
 Cast: Shock             ||     1
Armor: Scale mail        ||    10
       Robe              ||     2
Dodge: Dodged            ||     6
